 Dungeon Crawl Stone Soup version 0.16-a0-3602-g9bd3662 (webtiles) character file.

175 demorobin the Vexing (level 5, 0/35 HPs)
             Began as a Mummy Enchanter on Jan 12, 2015.
             Killed from afar by an orc wizard (6 damage)
             ... with a magic dart
             ... summoned by a shadow trap
             ... triggered by the player character
             ... on level 4 of the Dungeon.
             The game lasted 00:30:01 (8768 turns).

demorobin the Vexing (Mummy Enchanter)              Turns: 8768, Time: 00:30:01

Health: 0/35       AC:  6    Str: 11    XL:     5   Next: 29%
Magic:  1/9        EV: 12    Int: 15    God:
Gold:   135        SH:  0    Dex: 12    Spells: 4 memorised, 0 levels left

rFire  x . .     SeeInvis .     a - +1 dagger
rCold  + . .     Clarity  .     b - +1 robe
rNeg   + + +     SustAb   .     (no shield)
rPois  ∞         Gourm    .     l - +2 helmet
rElec  .         Spirit   .     (no cloak)
rCorr  .         Warding  .     (no gloves)
rMut   .         Stasis   .     (no boots)
MR     .....                    (no amulet)
Stlth  ++........               (no ring)
                                i - ring of invisibility

@: very slightly contaminated, not resistant to hostile enchantments, unstealthy
A: no food or potions, fire vulnerability, restore body, cold resistance 1,
negative energy resistance 3, poison resistance, torment resistance, unbreathing
a: Evoke Invisibility


You were on level 4 of the Dungeon.
You were not hungry.

You visited 1 branch of the dungeon, and saw 4 of its levels.

You collected 135 gold pieces.

Inventory:

Hand weapons
 a - a +1 dagger (weapon)
 e - a +0 short sword
Missiles
 f - 127 stones (quivered)
Armour
 b - a +1 robe (worn)
 k - a +0 swamp dragon armour
 l - a +2 helmet (worn)
Jewellery
 i - a ring of invisibility (left hand)
Scrolls
 d - a scroll of immolation
 g - 5 scrolls of remove curse
 h - 3 scrolls of identify
Books
 c - a book of Maledictions

   Spells                             Type                      Level
   a - Corona                         Hexes                        1
   b - Sure Blade                     Hexes/Charms                 2
   c - Ensorcelled Hibernation        Hexes/Ice                    2
   d - Confuse                        Hexes                        3
   e - Dazzling Spray                 Conjuration/Hexes            3
   f - Enslavement                    Hexes                        4


   Skills:
 - Level 0.7 Short Blades
 - Level 1.5 Dodging
 - Level 2.4 Stealth
 - Level 2.2 Spellcasting
 + Level 4.3 Hexes
 - Level 2.5 Ice Magic


You couldn't memorise any spells.
You knew the following spells:

 Your Spells              Type           Power        Failure   Level  Hunger
a - Corona                Hex            ##.....      4%          1    N/A
b - Ensorcelled Hibernat  Hex/Ice        ##....       10%         2    N/A
c - Sure Blade            Hex/Chrm       #.........   14%         2    N/A
d - Confuse               Hex            ##......     14%         3    N/A

Dungeon Overview and Level Annotations

Branches:
Dungeon (4/15)
 Temple: D:4-7

Altars:
Ashenzari
Cheibriados
Elyvilon
Fedhas
Okawaru
Sif Muna
Vehumet

Annotations:
D:2 exclusion: downstairs
D:3 1 exclusion


Innate Abilities, Weirdness & Mutations

You do not eat or drink.
Your flesh is vulnerable to fire.
Your flesh is cold resistant.
You are immune to negative energy.
Your system is resistant to poisons.
You are immune to unholy pain and torment.
You can survive without breathing.


Message History

The orc wizard is heavily wounded.
The orc wizard casts a spell.
The orc wizard seems to speed up.
The orc hits you with a short sword.
* * * LOW HITPOINT WARNING * * *
You miss the orc wizard.
The orc wizard is heavily wounded.
You flicker back into view.
The orc wizard barely misses you. The orc hits you with a short sword.
* * * LOW HITPOINT WARNING * * *
The orc wizard hits you but does no damage.
Read which item? (? for menu, Esc to quit)
Okay, then.
You can't drink.
Unknown command.
The orc wizard casts a spell.
The orc wizard blinks!
The orc wizard hits you but does no damage.
The orc wizard points at you and mumbles some strange words.
The magic dart hits you!
You die...

+....#...##'########
#....#...#...#.#...#
#....#...#...'.#...#
+....+.......#.'...#
#....##......#.#...#
#........###########
+...)....#
#.....o..#
#...@.o..#######
##+####........#
.....+........#
#+##+##.%#........#
#..................#
+(...^.?^....r.....#
#..................#
......#+####+##...#
...... ...#


You could see an orc wizard and an orc.

Vanquished Creatures
  Robin (D:1)
  2 gnolls (D:3)
  3 adders
  A giant mite (D:2)
  3 worms
  6 giant geckos
  An ooze (D:2)
  5 orcs
  14 bats
  21 goblins
  7 hobgoblins
  11 kobolds
  2 giant newts
  6 rats
83 creatures vanquished.

Notes
Turn   | Place    | Note
--------------------------------------------------------------
     0 | D:1      | demorobin, the Mummy Enchanter, began the quest for the Orb.
     0 | D:1      | Reached XP level 1. HP: 13/13 MP: 3/3
   547 | D:1      | Reached skill level 3 in Hexes
  1000 | D:1      | Reached XP level 2. HP: 14/19 MP: 2/4
  1004 | D:1      | Learned a level 2 spell: Ensorcelled Hibernation
  1661 | D:1      | Reached skill level 1 in Ice Magic
  1713 | D:1      | Learned a level 2 spell: Sure Blade
  2049 | D:1      | Reached XP level 3. HP: 24/24 MP: 3/6
  3312 | D:2      | Found an iron altar of Okawaru.
  4624 | D:2      | Reached XP level 4. HP: 30/30 MP: 4/7
  4707 | D:2      | Found a snail-covered altar of Cheibriados.
  4845 | D:2      | Noticed Robin
  6359 | D:1      | Killed Robin
  6726 | D:2      | Reached skill level 4 in Hexes
  7073 | D:2      | Reached XP level 5. HP: 35/35 MP: 3/9
  7127 | D:2      | Learned a level 3 spell: Confuse
  7793 | D:2      | Found a deep blue altar of Sif Muna.
  7793 | D:2      | Found a shattered altar of Ashenzari.
  7793 | D:2      | Found a white marble altar of Elyvilon.
  8471 | D:3      | Found a blossoming altar of Fedhas.
  8500 | D:3      | Found a radiant altar of Vehumet.
  8768 | D:4      | Killed from afar by an orc wizard

Action                   |  1- 3 |  4- 6 || total
-------------------------+-------+-------++-------
Melee: Dagger            |   137 |   161 ||   298
Throw: Stone             |    29 |     8 ||    37
 Cast: Corona            |    11 |       ||    11
       Ensorcelled Hiber |    45 |    36 ||    81
       Sure Blade        |     1 |       ||     1
 Abil: Evoke Invisibilit |     3 |    12 ||    15
  Use: Scroll            |     3 |     5 ||     8
 Stab: Sleeping          |    31 |    24 ||    55
       Invisible         |     6 |     4 ||    10
